 Dungeon Crawl Stone Soup version 0.22.1-1-ga44c0e5 (webtiles) character file.

970 Fang the Chopper (level 8, -2/75 HPs)
             Began as a Gargoyle Berserker on Oct 1, 2018.
             Was a Priest of Trog.
             Slain by Duvessa
             ... wielding a +0 short sword
              (9 damage)
             ... on level 5 of the Dungeon.
             The game lasted 00:05:05 (4602 turns).

Fang the Chopper (Gargoyle Berserker)               Turns: 4602, Time: 00:05:06

Health: -2/75      AC:  7    Str: 28    XL:     8   Next: 16%
Magic:  2/2        EV: 12    Int:  8    God:    Trog [***...]
Gold:   305        SH:  0    Dex:  9    Spells: 7/7 levels left

rFire    + . .     SeeInvis .   q - +1 war axe (antimagic)
rCold    . . .     Gourm    .   (no shield)
rNeg     + . .     Faith    .   t - +0 robe (curse)
rPois    ∞         Spirit   .   (no helmet)
rElec    +         Reflect  .   (no cloak)
rCorr    .         Harm     .   (no gloves)
MR       .....                  (no boots)
Stlth    ..........             (no amulet)
HPRegen  0.22/turn              i - ring of protection from fire
MPRegen  0.08/turn              (no ring)

@: berserking, starving, drained, very quick
A: negative energy resistance 1, electricity resistance, unbreathing,
petrification resistance, rot immunity, AC +5
a: Berserk, Trog's Hand, Renounce Religion


You were on level 5 of the Dungeon.
You worshipped Trog.
Trog was most pleased with you.
You were starving.

You visited 1 branch of the dungeon, and saw 5 of its levels.

You collected 305 gold pieces.

Inventory:

Hand Weapons
 g - a +4 hand axe
 q - a +1 antimagic war axe (weapon)
Armour
 b - a +0 animal skin
 t - a cursed +0 robe (worn)
Jewellery
 i - a ring of protection from fire (left hand)
Wands
 r - a wand of paralysis (9)
 s - a wand of flame (14)
Scrolls
 a - 5 scrolls of identify {unknown}
 e - 3 scrolls of immolation {unknown}
 f - 6 scrolls of remove curse {unknown}
 j - 3 scrolls of teleportation {unknown}
 m - a scroll of enchant armour {unknown}
 o - a scroll of magic mapping {unknown}
 p - a scroll of fear {unknown}
 u - 2 scrolls of fog {unknown}
 w - 2 scrolls of noise {unknown}
Potions
 d - 2 potions of heal wounds {unknown}
 h - a potion of might {unknown}
 k - 2 potions of flight {unknown}
 l - a potion of agility {unknown}
 n - a potion of cancellation {unknown}
 v - a potion of resistance {unknown}
Comestibles
 c - 6 rations


   Skills:
 + Level 5.5(4.8) Fighting
 + Level 6.8(6.0) Axes
 + Level 2.3(1.7) Armour
 + Level 3.3(2.6) Dodging
 + Level 2.5(1.8) Stealth


You had 7 spell levels left.
You didn't know any spells.
Your spell library was empty.

Dungeon Overview and Level Annotations

Branches:
Dungeon (5/15)
 Temple: D:4-7

Altars:
Dithmenos
Fedhas
Gozag
Hepliaklqana
Kikubaaqudgha
Nemelex Xobeh
Sif Muna
Trog
Yredelemnul
Zin

Shops:
D:4 ?[*!:

Annotations:
D:5 Duvessa


Innate Abilities, Weirdness & Mutations

You are resistant to torment.
Your stone body is resilient. (AC +5)
You are immune to poison.
You resist negative energy. (rN+)
You are resistant to electric shocks. (rElec)
You can survive without breathing.
You are immune to petrification.
You are immune to rotting.


Message History

You are too injured to fight recklessly!
You are too injured to fight recklessly!
You are too injured to fight recklessly!
You are too injured to fight recklessly!
You are too injured to fight recklessly!
You are too injured to fight recklessly!
You are too injured to fight recklessly!
A red film seems to cover your vision as you go berserk!
You feel yourself moving faster!
You feel mighty!
You are starving!
Duvessa hits you with a short sword!
* * * LOW HITPOINT WARNING * * *
You barely miss Duvessa.
Duvessa is moderately wounded.
Duvessa hits you with a short sword!
* * * LOW HITPOINT WARNING * * *
You hit Duvessa.
Duvessa is heavily wounded.
Duvessa hits you with a short sword!
You die...

#.......#......
##......#......
#########......#......
###.......#......##.....
...........#.....# #....
...........#.....## #...
..................####..
......e.....#......))...
......)@.....#.....#)...
............##.....##..#
#######...####....####.#
#..### #....# #.. #..###
#)...# ##. .## ##...# #.
. #...# ## #...# # #...#
#


You could see Duvessa (berserk).

Vanquished Creatures
  Menkaure (D:5)
  A centaur (D:4)
  An ogre (D:4)
  Dowan (D:5)
  2 scorpions
  A jelly (D:3)
  An orc priest (D:3)
  An iguana (D:4)
  Ijyb (D:3)
  5 orc wizards
  A hound skeleton (D:4)
  A howler monkey skeleton (D:4)
  7 gnolls (D:4)
  9 adders
  An ooze (D:3)
  An adder skeleton (D:5)
  5 worms
  A dart slug (D:3)
  A leopard gecko (D:3)
  20 orcs
  7 bats
  5 giant cockroaches
  2 gnoll zombies (D:2)
  7 goblins
  5 hobgoblins
  7 jackals
  2 quokkas
  3 ball pythons
  4 frilled lizards
  9 kobolds
  A quokka skeleton (D:4)
  6 rats
120 creatures vanquished.

Notes
Turn   | Place    | Note
-------+----------+-------------------------------------------
     0 | D:1      | Fang the Gargoyle Berserker began the quest for the Orb.
     0 | D:1      | Reached XP level 1. HP: 14/14 MP: 1/1
   189 | D:1      | Reached XP level 2. HP: 18/19 MP: 2/2
   485 | D:2      | Reached skill level 3 in Axes
   496 | D:2      | Reached XP level 3. HP: 18/24 MP: 3/3
   739 | D:2      | Found a deep blue altar of Sif Muna.
   815 | D:2      | Reached XP level 4. HP: 28/29 MP: 4/4
   820 | D:2      | Reached ** piety under Trog
  1011 | D:2      | Found a blossoming altar of Fedhas.
  1141 | D:2      | Found a basalt altar of Yredelemnul.
  1447 | D:3      | Reached skill level 4 in Axes
  1447 | D:3      | Reached XP level 5. HP: 33/33 MP: 5/5
  1452 | D:3      | Reached skill level 1 in Stealth
  1700 | D:3      | Reached XP level 6. HP: 30/39 MP: 6/6
  1744 | D:3      | Found a shadowy altar of Dithmenos.
  1873 | D:3      | Reached *** piety under Trog
  2051 | D:3      | Reached skill level 5 in Axes
  2274 | D:3      | Found a sparkling altar of Nemelex Xobeh.
  2275 | D:3      | Found a glowing silver altar of Zin.
  2276 | D:3      | Found a bloodstained altar of Trog.
  2289 | D:3      | Noticed Ijyb
  2289 | D:3      | Paralysed by Ijyb for 3 turns
  2301 | D:3      | Killed Ijyb
  2404 | D:4      | Found Ungeelei's Magic Scroll Boutique.
  2413 | D:4      | Reached XP level 7. HP: 27/44 MP: 2/7
  2418 | D:4      | Found Faacza's Antique Armour Boutique.
  2650 | D:4      | Reached skill level 5 in Fighting
  2853 | D:4      | Reached skill level 6 in Axes
  3014 | D:4      | Found Ylyel's General Store.
  3498 | D:4      | Found Foebad's Book Boutique.
  3516 | D:4      | Found Sokhuqac's Distillery.
  3545 | D:4      | Found an opulent altar of Gozag.
  3548 | D:4      | Found an ancient bone altar of Kikubaaqudgha.
  3933 | D:5      | Entered Level 5 of the Dungeon
  3933 | D:5      | Noticed Menkaure
  3941 | D:5      | Killed Menkaure
  3941 | D:5      | Reached XP level 8. HP: 48/50 MP: 2/8
  4092 | D:5      | Found a hazy altar of Hepliaklqana.
  4585 | D:5      | Noticed Dowan
  4587 | D:5      | Noticed Duvessa
  4597 | D:5      | Killed Dowan
  4602 | D:5      | Slain by Duvessa

Skill      XL: |  1  2  3  4  5  6  7 |
---------------+----------------------+-----
Axes           | 3 4 5 6 |  6.8
Fighting       | 4 5 |  5.5
Dodging        | 2 3 |  3.3
Stealth        | 1 2 |  2.5
Armour         | |  2.3

Action                   |  1- 3 |  4- 6 |  7- 9 || total
-------------------------+-------+-------+-------++-------
Melee: Hand axe          |    64 |   130 |       ||   194
       War axe           |       |    28 |   109 ||   137
Invok: Berserk           |     1 |     1 |     5 ||     7
 Stab: Sleeping          |     1 |     2 |       ||     3
  Eat: Chunk             |     1 |     5 |     7 ||    13
       Ration            |       |       |     1 ||     1
Armor: Animal skin       |    23 |    66 |     7 ||    96
       Robe              |       |       |    37 ||    37
Dodge: Dodged            |    31 |   108 |    49 ||   188
